 Dungeon Crawl Stone Soup version 0.29.1-15-g9cfb28693d (webtiles) character file.

Game seed: 11864100300814710728

84 leafyfresh the Sneak (level 4, -1/33 HPs)
             Began as an Octopode Delver on Mar 4, 2023.
             Slain by an orc
             ... wielding a +0 flail
              (8 damage)
             ... on level 4 of the Dungeon.
             The game lasted 00:00:28 (379 turns).

leafyfresh the Sneak (Octopode Delver)               Turns: 379, Time: 00:00:28

Health: -1/33      AC:  1    Str: 11    XL:     4   Next: 46%
Magic:  4/4        EV: 13    Int: 14    God:
Gold:   6          SH:  0    Dex: 13    Spells: 3/3 levels left

rFire   . . .      SeeInvis .   a - +0 short sword
rCold   . . .      Faith    .   (no shield)
rNeg    . . .      Spirit   .   (helmet restricted)
rPois   .          Reflect  .   (no amulet)
rElec   .          Harm     .   (no ring)
rCorr   .          Rampage  .   (no ring)
Will    .....                   (no ring)
Stlth   +++++.....              (no ring)
HPRegen 0.11/turn               (no ring)
MPRegen 0.09/turn               (no ring)
                                (no ring)
                                (no ring)

@: no status effects
A: almost no armour, amphibious, 8 rings, camouflage 1, gelatinous body 1,
(nimble swimmer 1), tentacles
a: no special abilities


You were on level 4 of the Dungeon.
You visited 1 branch of the dungeon, and saw 2 of its levels.

You collected 6 gold pieces.

Inventory:

Hand Weapons
 a - a +0 short sword (weapon)
Wands
 f - a wand of digging (3)
 g - a wand of charming (7)
Scrolls
 b - a scroll of fog
 c - a scroll of magic mapping
 d - a scroll of fear
Potions
 e - a potion of haste
 h - a potion of magic {unknown}


   Skills:
 + Level 3.8 Fighting
 - Level 2.0 Short Blades
 + Level 3.0 Dodging
 + Level 7.4 Stealth


You had 3 spell levels left.
You didn't know any spells.
Your spell library was empty.

Dungeon Overview and Level Annotations

Branches:
Dungeon (5/15)
 Temple: D:4-7

Altars:


Innate Abilities, Weirdness & Mutations

You cannot wear most types of armour.
You are amphibious.
You can wear up to eight rings at the same time.
Your skin changes colour to match your surroundings (Stealth+).
Your rubbery body absorbs attacks. (AC +1, EV +1)
((You are camouflaged when in or above water. (Stealth+)))
You have tentacles for arms and can constrict up to eight enemies at once.


Message History

You hit the jackal. Your grab misses the jackal. You squeeze the jackal.
You kill the jackal!
You hit the jackal but do no damage. You grab the jackal.
You constrict the jackal. The jackal barely misses you.
You hit the jackal.
The jackal is severely wounded.
You constrict the jackal. The jackal completely misses you.
The jackal closely misses you.
You hit the jackal but do no damage.
The jackal is severely wounded.
You constrict the jackal.
You kill the jackal!
No target in view!
Things that are here:
a jackal corpse; a jackal corpse An orc comes into view.
It is wielding a +0 flail.
Found a dagger.
An orc is nearby!
The orc shouts!
A jelly comes into view.
There are monsters nearby!
An endoplasm comes into view.
The orc barely misses you.
You hit the orc. Your grab misses the orc.
The orc is moderately wounded.
The orc hits you with a +0 flail!
You barely miss the orc. Your grab misses the orc.
The orc is moderately wounded.
The orc closely misses you.
You hit the orc but do no damage. You grab the orc.
The orc is moderately wounded.
You constrict the orc, but do no damage.
The orc barely misses you.
Unknown command.
You release your grip on the orc.
The orc attacks as you move away! The orc hits you with a +0 flail!
The jelly hits you.
You are splashed with acid!
* * * LOW HITPOINT WARNING * * *
The orc attacks as you move away! The orc hits you with a +0 flail!
You die...

......#.# #.#
......#.# #.#
........# #.#
........# #.#
.)......# #.#
........# #.#
.......J# #†#
......oJ# #.#
.......@####.#
.............#
#####..#######
#.# #. #. .. .


You could see a jelly, an orc and an endoplasm.

Vanquished Creatures
  A phantom (D:4)
  A giant cockroach (D:4)
  A hobgoblin (D:4)
  3 jackals (D:4)
  A quokka (D:4)
7 creatures vanquished.

Notes
Turn   | Place    | Note
-------+----------+-------------------------------------------
     0 | D:5      | leafyfresh the Octopode Delver began the quest for the Orb.
     0 | D:5      | Reached XP level 1. HP: 16/16 MP: 1/1
   138 | D:4      | Noticed a phantom
   144 | D:4      | Killed a phantom
   145 | D:4      | Reached skill level 7 in Stealth
   145 | D:4      | Reached XP level 2. HP: 18/22 MP: 2/2
   145 | D:4      | Reached XP level 3. HP: 22/27 MP: 3/3
   145 | D:4      | Reached XP level 4. HP: 27/33 MP: 4/4
   379 | D:4      | Slain by an orc

Illustrated notes

Levels and vault maps discovered:
D:4:      layout_basic, serial_shops, nicolae_shop_statue_plus
D:5:      layout_layer_cave, lemuel_doored_altar,
          minmay_temple_entry_large_hall, serial_shops,
          nicolae_shop_behind_doors, uniq_grinder, uniq_menkaure

Skill      XL: |  1 |
---------------+----+-----
Dodging        | 3 |  3.0
Stealth        | 7 |  7.4
Fighting       | |  3.8
Short Blades   | |  2.0

Action                   |  1- 3 |  4- 6 || total
-------------------------+-------+-------++-------
Melee: Short sword       |     6 |    10 ||    16
       Tentacles         |     1 |     2 ||     3
       Constrict         |       |     3 ||     3
 Stab: Sleeping          |     4 |       ||     4
Dodge: Dodged            |     1 |     7 ||     8
